 Dungeon Crawl Stone Soup version 0.23.2-30-g0e89c35649 (webtiles) character file.

Game seed: 79031314613246104

23 troglodite the Conjurer (level 2, 0/18 HPs)
             Began as an Octopode Conjurer on June 17, 2019.
             Succumbed to an adder's poison
             ... on level 1 of the Dungeon.
             The game lasted 00:02:50 (862 turns).

troglodite the Conjurer (Octopode Conjurer)          Turns: 862, Time: 00:02:50

Health: 0/18       AC:  1    Str:  4 (7)  XL:     2   Next: 95%
Magic:  2/5        EV: 13    Int: 14 (17) God:
Gold:   45         SH:  0    Dex: 10 (12) Spells: 2/5 levels left

rFire    . . .     SeeInvis .   c - +0 dagger
rCold    . . .     Gourm    .   (no shield)
rNeg     . . .     Faith    .   (helmet restricted)
rPois    .         Spirit   .   (no amulet)
rElec    .         Reflect  .   (no ring)
rCorr    .         Harm     .   (no ring)
MR       .....                  (no ring)
Stlth    +++.......             (no ring)
HPRegen  0.06/turn              (no ring)
MPRegen  0.09/turn              (no ring)
                                (no ring)
                                (no ring)

@: lethally poisoned (0 -> -5)
A: almost no armour, stealthy swim, amphibious, 8 rings, constrict 8, camouflage
1, gelatinous body 1
a: no special abilities


You were on level 1 of the Dungeon.
You were not hungry.

You visited 1 branch of the dungeon, and saw 2 of its levels.

You collected 45 gold pieces.

Inventory:

Hand Weapons
 c - a +0 dagger (weapon)
Scrolls
 d - 2 scrolls of identify {unknown}
Potions
 a - a potion of agility {unknown}
 e - 3 potions of degeneration
Comestibles
 b - 3 rations
 f - a chunk of flesh


   Skills:
 * Level 0.6 Fighting
 * Level 2.0 Dodging
 * Level 2.7 Stealth
 * Level 2.0 Spellcasting
 * Level 4.6 Conjurations


You had 2 spell levels left.
You knew the following spells:

 Your Spells              Type           Power        Failure   Level  Hunger
a - Magic Dart            Conj           ##..         3%          1    ##.....
b - Searing Ray           Conj           ##....       5%          2    ###....

Your spell library contained the following spells:

 Spells                   Type           Power        Failure   Level  Hunger
 Dazzling Spray           Conj/Hex       #.....       26%         3    ####...
 Iskenderun's Mystic Bla  Conj           ##......     34%         4    #####..
 Force Lance              Conj/Tloc      #.......     65%         4    #####..
 Fulminant Prism          Conj/Hex       #.........   65%         4    #####..


Dungeon Overview and Level Annotations

Branches:
Dungeon (2/15)

Altars:


Innate Abilities, Weirdness & Mutations

You cannot wear most types of armour.
You are very stealthy in the water. (Stealth+)
You are amphibious.
You can wear up to eight rings at the same time.
You can use your tentacles to constrict eight enemies at once.
Your skin changes colour to match your surroundings (Stealth+).
Your rubbery body absorbs attacks. (AC +1, EV +1)


Message History

The adder is moderately wounded.
You constrict the adder, but do no damage.
You feel sick. The adder misses you.
You hit the adder. Your squeeze misses the adder.
The adder is heavily wounded.
You constrict the adder. The adder bites you. The adder misses you.
You hit the adder but do no damage.
The adder is heavily wounded.
You constrict the adder. The adder bites you.
* * * LOW HITPOINT WARNING * * *
You hit the adder.
You squeeze the adder, but do no damage.
The adder is heavily wounded.
You constrict the adder. The adder bites you.
* * * LOW HITPOINT WARNING * * *
It was a potion of degeneration.
There was something very wrong with that liquid.
You feel weakened.
You feel dopey.
You feel clumsy.
You constrict the adder.
You die...

######..#.# #.#
#....##.#.# ####..
#....##...# #.....
#....###..# #.....
#....###..# #.....
#.........### #.....
#....#......# #.....
#....###.S#.# ###.....
####.....@#.#######.......
###....#.......#...(.##
#....#.......#.....#
#....#.......#.....#
#....##......#.....##
#....##......'.....#.
#....##......#.....#.
#............##'####.
###'##.......##.#....


You could see an adder.

Vanquished Creatures
  An ooze (D:1)
  2 dart slugs (D:1)
  2 goblins (D:1)
  3 hobgoblins (D:1)
  2 bats (D:1)
  2 kobolds (D:1)
  3 rats (D:1)
15 creatures vanquished.

Notes
Turn   | Place    | Note
-------+----------+-------------------------------------------
     0 | D:1      | troglodite the Octopode Conjurer began the quest for the
                  | Orb.
     0 | D:1      | Reached XP level 1. HP: 11/11 MP: 3/3
   299 | D:1      | Reached XP level 2. HP: 17/17 MP: 3/5
   395 | D:1      | Learned a level 2 spell: Searing Ray
   862 | D:1      | Succumbed to an adder's poison

Action                   || total
-------------------------++-------
Melee: Dagger            ||    20
       Tentacles         ||     5
       Unarmed           ||     1
       Constrict         ||     3
 Cast: Magic Dart        ||    12
       Searing Ray       ||     3
  Use: Potion            ||     1
 Stab: Sleeping          ||     4
Armor: Skin              ||     1
Dodge: Dodged            ||    19
